 Dungeon Crawl Stone Soup version 0.23.0-42-geed6394 (webtiles) character file.

Game seed: 6096655916405066832

2766 night the Martial Artist (level 9, -7/64 HPs)
             Began as a Demonspawn Monk on Feb 28, 2019.
             Was an Elder of Ashenzari.
             Mangled by a cyclops (18 damage)
             ... on level 7 of the Dungeon.
             The game lasted 00:17:02 (8191 turns).

night the Martial Artist (Demonspawn Monk)          Turns: 8191, Time: 00:17:03

Health: -7/64      AC:  9    Str: 19    XL:     9   Next: 42%
Magic:  9/9        EV: 13    Int: 12    God:    Ashenzari [****..]
Gold:   218        SH:  0    Dex: 16    Spells: 8/8 levels left

rFire    . . .     SeeInvis +     - Unarmed
rCold    + . .     Gourm    .   (no shield)
rNeg     + . .     Faith    .   e - +0 scale mail
rPois    .         Spirit   .   (helmet unavailable)
rElec    .         Reflect  .   y - +0 cloak
rCorr    .         Harm     .   u - +0 pair of gloves
MR       .....     Clarity  +   (no boots)
Stlth    +.........             (no amulet)
HPRegen  0.20/turn              B - +2 ring of evasion
MPRegen  0.11/turn              m - ring of positive energy

@: mighty, marked
A: horns 3, rugged brown scales 1, cold resistance 1, demonic guardian 1,
freezing cloud immunity
a: Curse Item, Scrying, Renounce Religion


You were on level 7 of the Dungeon.
You worshipped Ashenzari.
Ashenzari was greatly pleased with you.
You were not hungry.

You visited 2 branches of the dungeon, and saw 9 of its levels.

You collected 218 gold pieces.

Inventory:

Hand Weapons
 G - a +0 shortbow
Missiles
 c - 152 stones (quivered)
 f - 87 arrows
Armour
 e - a +0 scale mail (worn)
 u - a +0 pair of gloves (worn)
 y - a +0 cloak (worn)
Jewellery
 m - a ring of positive energy (right hand)
 w - an uncursed ring of wizardry
 B - a +2 ring of evasion (left hand)
Wands
 p - a wand of digging (7)
 E - a wand of iceblast (22)
Scrolls
 a - 2 scrolls of magic mapping {unknown}
 h - a scroll of blinking {unknown}
 j - 3 scrolls of immolation {unknown}
 k - a scroll of fear {unknown}
 l - 3 scrolls of remove curse
 q - a scroll of enchant weapon {unknown}
 s - 2 scrolls of teleportation {unknown}
 t - a scroll of fog {unknown}
 x - 5 scrolls of identify {unknown}
 z - 2 scrolls of enchant armour {unknown}
 A - 3 scrolls of noise {unknown}
Potions
 d - 2 potions of brilliance {unknown}
 g - a potion of curing {unknown}
 i - 2 potions of heal wounds
 n - a potion of magic {unknown}
 o - a potion of mutation {unknown}
 v - a potion of berserk rage {unknown}
 C - a potion of agility
 D - 2 potions of cancellation {unknown}
 F - a potion of lignification {unknown}
Comestibles
 b - 14 rations


   Skills:
 - Level 3.0 Fighting
 - Level 2.6 Dodging
 - Level 1.7 Stealth
 + Level 12.0 Unarmed Combat


You had 8 spell levels left.
You didn't know any spells.
Your spell library contained the following spells:

 Spells                   Type           Power        Failure   Level  Hunger
 Confusing Touch          Hex            #.....       71%         1    ##.....
 Confuse                  Hex            #.......     97%         3    ####...
 Gell's Gravitas          Tloc           #.........   97%         3    ####...
 Cause Fear               Hex            #.........   100%        4    #####..
 Petrify                  Tmut/Erth      #.......     100%        4    #####..
 Metabolic Englaciation   Hex/Ice        #.........   100%        5    ######.
 Silence                  Hex/Air        #.........   100%        5    ######.
 Yara's Violent Unravell  Hex/Tmut       #.........   100%        5    ######.
 Deflect Missiles         Chrm/Air       #.........   100%        6    #######
 Discord                  Hex            #.........   100%        8    #######


Dungeon Overview and Level Annotations

Branches:
Dungeon (8/15)             Temple (1/1) D:6
   Lair: D:8-11

Altars:
Ashenzari
Cheibriados
Dithmenos
Elyvilon
Fedhas
Gozag
Hepliaklqana
Kikubaaqudgha
Makhleb
Nemelex Xobeh
Okawaru
Qazlal
Sif Muna
Trog
Uskayaw
Vehumet
Wu Jian
Xom
Yredelemnul
Zin
The Shining One

Annotations:
D:3 2 transporters, Borgoz's ghost, weakling GrAK


Innate Abilities, Weirdness & Mutations

You have a pair of large horns on your head.
You are partially covered in rugged brown scales. (AC +1, +3% HP)
Your flesh is cold resistant. (rC+)
A weak demonic guardian rushes to your aid.
You are immune to freezing clouds.


Message History

You kill Harold!
Your Unarmed Combat skill increases to level 12!
The orc wizard closely misses you. The orc closely misses you.
The orc wizard barely misses you. The cyclops closely misses you.
Things that are here:
a +0 hand axe; a +4 ring mail of magic resistance You hit the cyclops.
The cyclops is lightly wounded.
The orc misses you. The orc wizard misses you.
You hit the cyclops. You headbutt the cyclops!
The cyclops is heavily wounded.
The cyclops hits you!!
* * * LOW HITPOINT WARNING * * *
The orc hits you but does no damage.
The orc wizard hits you but does no damage.
You hit the cyclops.
The cyclops is severely wounded.
The orc wizard closely misses you. The cyclops hits you!!
You die...

###################
#>@o...............
* **
#oC................
* ,
#a#################
,*#c# # ,* *#J# *
** # * *,*#.# * # ,
#.# ,, * * # * **
#.#####... * # * *
#.........,,* *, #


You could see a cyclops, a centaur, a jelly, a worker ant, an orc wizard and an
orc.

Vanquished Creatures
  Harold (D:7)
  A hungry ghost (D:5)
  An orc warrior (D:8)
  2 sky beasts
  2 ogres
  A phantom (D:4)
  A centaur (D:6)
  A bullfrog (D:6)
  A scorpion (D:6)
  2 killer bees (D:7)
  2 crimson imps (D:4)
  2 bullfrog skeletons
  A jelly (D:4)
  5 orc priests
  8 orc wizards
  Crazy Yiuf (D:3)
  Ijyb (D:5)
  4 worker ants
  7 gnolls
  2 adders
  An ooze (D:5)
  An adder zombie (D:5)
  2 adder skeletons (D:6)
  2 worms (D:2)
  A dart slug (D:1)
  4 leopard geckos
  27 orcs
  10 bats
  3 giant cockroaches
  2 goblins (D:2)
  4 hobgoblins
  16 jackals
  15 kobolds
  2 quokkas
  3 ball pythons
  6 frilled lizards
  A giant cockroach zombie (D:5)
  2 jackal skeletons
  6 rats
154 creatures vanquished.

Vanquished Creatures (collateral kills)
  An ice beast (D:5)
  2 ogres
  A centaur (D:4)
  2 killer bees (D:7)
  A howler monkey (D:4)
  A crimson imp (D:4)
  A worker ant (D:4)
  An orc (D:4)
  A frilled lizard (D:5)
11 creatures vanquished.

Vanquished Creatures (others)
  2 fungi (D:3)
2 creatures vanquished.

Grand Total: 167 creatures vanquished

Notes
Turn   | Place    | Note
-------+----------+-------------------------------------------
     0 | D:1      | night the Demonspawn Monk began the quest for the Orb.
     0 | D:1      | Reached XP level 1. HP: 18/18 MP: 1/1
    32 | D:1      | Reached skill level 3 in Unarmed Combat
    91 | D:1      | Gained mutation: You have a pair of small horns on your
                  | head. [demonic ancestry]
    91 | D:1      | Reached XP level 2. HP: 11/24 MP: 2/2
   377 | D:1      | Gained mutation: You have a pair of horns on your head.
                  | [demonic ancestry]
   377 | D:1      | Reached XP level 3. HP: 20/29 MP: 3/3
   702 | D:1      | Reached skill level 4 in Unarmed Combat
   992 | D:1      | Found a sparkling altar of Nemelex Xobeh.
  1503 | D:2      | Found a faded altar of an unknown god.
  1567 | D:2      | Became a worshipper of Ashenzari the Shackled
  1567 | D:2      | Reached * piety under Ashenzari
  1567 | D:2      | Reached ** piety under Ashenzari
  1649 | D:2      | Gained mutation: You are partially covered in rugged brown
                  | scales. (AC +1, +3% HP) [demonic ancestry]
  1649 | D:2      | Reached XP level 4. HP: 20/36 MP: 4/4
  1996 | D:3      | Found a transporter.
  2015 | D:3      | Found a transporter.
  2016 | D:3      | Noticed Borgoz's ghost (weakling GrAK)
  2230 | D:3      | Reached skill level 5 in Unarmed Combat
  2246 | D:3      | Reached *** piety under Ashenzari
  2380 | D:3      | Gained mutation: Your flesh is cold resistant. (rC+)
                  | [demonic ancestry]
  2380 | D:3      | Reached XP level 5. HP: 31/42 MP: 5/5
  2932 | D:3      | Found a glowing golden altar of the Shining One.
  3090 | D:3      | Reached skill level 6 in Unarmed Combat
  3395 | D:3      | Found a runed translucent door.
  3396 | D:3      | Noticed Crazy Yiuf
  3410 | D:3      | Killed Crazy Yiuf
  3410 | D:3      | Gained mutation: A weak demonic guardian rushes to your
                  | aid. [demonic ancestry]
  3410 | D:3      | Reached XP level 6. HP: 21/48 MP: 6/6
  3906 | D:4      | Reached skill level 7 in Unarmed Combat
  4016 | D:4      | Gained mutation: You have a pair of large horns on your
                  | head. [demonic ancestry]
  4016 | D:4      | Reached XP level 7. HP: 25/53 MP: 7/7
  4240 | D:4      | Found a shimmering altar of Xom.
  4285 | D:4      | Reached skill level 8 in Unarmed Combat
  4741 | D:5      | Entered Level 5 of the Dungeon
  5134 | D:5      | Reached skill level 9 in Unarmed Combat
  5134 | D:5      | Reached XP level 8. HP: 59/59 MP: 8/8
  5356 | D:5      | Noticed Ijyb
  5371 | D:5      | Killed Ijyb
  6026 | D:6      | Reached skill level 10 in Unarmed Combat
  6478 | D:6      | Reached **** piety under Ashenzari
  6562 | D:6      | Found a glowing silver altar of Zin.
  6720 | D:6      | Found an ancient bone altar of Kikubaaqudgha.
  6723 | D:6      | Found a bloodstained altar of Trog.
  6757 | D:6      | Found a burning altar of Makhleb.
  6760 | D:6      | Found a snail-covered altar of Cheibriados.
  7007 | D:6      | Found a staircase to the Ecumenical Temple.
  7016 | Temple   | Entered the Ecumenical Temple
  7206 | D:7      | Noticed a cyclops
  7455 | D:7      | Reached skill level 11 in Unarmed Combat
  7768 | D:7      | Gained mutation: You are immune to freezing clouds.
                  | [demonic ancestry]
  7768 | D:7      | Reached XP level 9. HP: 62/64 MP: 9/9
  7812 | D:7      | Noticed Harold
  8187 | D:7      | Killed Harold
  8187 | D:7      | Reached skill level 12 in Unarmed Combat
  8191 | D:7      | Mangled by a cyclops

Skill      XL: |  1  2  3  4  5  6  7  8  9 |
---------------+----------------------------+-----
Unarmed Combat | 3 4 5 6 7 9 11 12 | 12.0
Fighting       | |  3.0
Dodging        | |  2.6
Stealth        | |  1.7

Action                   |  1- 3 |  4- 6 |  7- 9 || total
-------------------------+-------+-------+-------++-------
Melee: Unarmed           |   120 |   195 |   239 ||   554
       Punch             |     1 |     3 |    13 ||    17
       Headbutt          |    16 |    41 |    51 ||   108
  Use: Potion            |     1 |       |     2 ||     3
 Stab: Invisible         |     3 |       |       ||     3
       Distracted        |       |       |     4 ||     4
  Eat: Chunk             |     2 |     8 |     8 ||    18
       Ration            |       |       |     2 ||     2
Armor: Robe              |    13 |       |       ||    13
       Scale mail        |    29 |    57 |    68 ||   154
Dodge: Dodged            |   105 |    86 |   123 ||   314
